[Event "ICC tourney 1955 (60 10)"]
[Site "Internet Chess Club"]
[Date "2020.08.09"]
[Round "7"]
[White "Chessphilia"]
[Black "atevifred"]
[Result "1/2-1/2"]
[ICCResult "Game drawn because neither player has mating material"]
[WhiteElo "2083"]
[BlackElo "1894"]
[Opening "Caro-Kann: exchange, Rubinstein variation"]
[ECO "B13"]
[NIC "CK.02"]
[Time "12:03:14"]
[TimeControl "3600+10"]

1. e4 c6 2. d4 d5 3. exd5 cxd5 4. Bd3 Nf6 5. c3 Nc6 6. Bf4 e6 7. Nf3 Bd6 8.
Bxd6 Qxd6 9. O-O O-O 10. Nbd2 e5 11. dxe5 Nxe5 12. Nxe5 Qxe5 13. Nf3 Qf4 14.
h3 Bd7 15. Qd2 Qxd2 16. Nxd2 b5 17. Rfe1 Rfe8 18. Kf1 Kf8 19. Rxe8+ Rxe8 20.
Re1 Rxe1+ 21. Kxe1 Ke7 22. Nb3 Ne4 23. Ke2 f5 24. Ke3 g5 25. f3 Nd6 26. Kd4
Nc4 27. Nc5 Nxb2 28. Nxd7 Nxd3 29. Ne5 Nf4 30. Nc6+ Kd6 31. Nxa7 Ne6+ 32.
Kd3 Kc5 33. g3 h5 34. Nc8 h4 35. gxh4 gxh4 36. Ne7 Ng5 37. Nxf5 Nxf3 38. Ke3
Ng5 39. Nxh4 Nxh3 40. Nf3 Kc4 41. Kd2 Nf4 42. Kc2 Ng6 43. Nd2+ Kc5 44. Nf3
Kc4 45. Nd2+ Kc5 46. Nb3+ Kc4 47. Nd2+ Kc5 48. Kb3 Ne5 49. Kc2 Ng4 50. Nf3
Ne3+ 51. Kb3 Nc4 52. Kc2 Ne3+ 53. Kd3 Nc4 54. Nd4 Ne5+ 55. Kc2 Kc4 56. Nf5
Kc5 57. Kb3 Nc6 58. Kc2 b4 59. cxb4+ Nxb4+ 60. Kb3 Nxa2 61. Kxa2 Kc4 62. Kb2
d4 63. Kc2 Kd5 64. Kd3 Ke5 65. Ng3 Kf4 66. Ne2+ Kf3 67. Nxd4+
{Game drawn because neither player has mating material}
1/2-1/2

[Event "ICC tourney 1955 (60 10)"]
[Site "Internet Chess Club"]
[Date "2020.08.09"]
[Round "7"]
[White "vedrau"]
[Black "investigator"]
[Result "0-1"]
[ICCResult "White forfeits on time"]
[WhiteElo "1914"]
[BlackElo "2113"]
[Opening "English opening"]
[ECO "A16"]
[NIC "EO.64"]
[Time "12:02:59"]
[TimeControl "3600+10"]

1. c4 Nf6 2. Nc3 g6 3. g3 Bg7 4. Bg2 O-O 5. d3 d6 6. e4 c5 7. Nge2 Nc6 8.
O-O Rb8 9. h3 a6 10. f4 Nd4 11. Be3 Ne8 12. f5 gxf5 13. Qd2 e6 14. Bg5 f6
15. Bh6 fxe4 16. Bxg7 Nxg7 17. Nxd4 cxd4 18. Nxe4 f5 19. Qh6 fxe4 20. Rxf8+
Qxf8 21. Rf1 Qe7 22. g4 d5 23. dxe4 Bd7 24. exd5 Rf8 25. Rd1 Rf6 26. Qd2 e5
27. b4 d3 28. Be4 h5 29. c5 hxg4 30. Qxd3 gxh3 31. d6 Qe8 32. Bxb7 Nf5 33.
Bd5+ Kg7 34. Kh2 Nd4 35. Qg3+ Rg6 36. Qe3 Rg4 37. Rf1 Nf5 38. Qd3 Qg6 39.
Rf2 Rg3 40. Qe2 Re3 41. Qf1 Bb5 42. Qg1 Rg3 43. Qh1 Ne3 44. Be4 Qg4 45. c6
Rg2+ 46. Bxg2 hxg2 {White forfeits on time} 0-1

[Event "ICC tourney 1955 (60 10)"]
[Site "Internet Chess Club"]
[Date "2020.08.09"]
[Round "7"]
[White "oregonchessguy"]
[Black "atharvajaeel"]
[Result "0-1"]
[ICCResult "White resigns"]
[WhiteElo "1673"]
[BlackElo "220"]
[Opening "Caro-Kann: Tartakower (fantasy) variation"]
[ECO "B12"]
[NIC "CK.02"]
[Time "12:03:12"]
[TimeControl "3600+10"]

1. e4 c6 2. d4 d5 3. f3 e6 4. Nc3 Bb4 5. a3 Bxc3+ 6. bxc3 dxe4 7. Qe2 exf3
8. Nxf3 Nf6 9. g3 Qd5 10. Bg2 Qe4 11. Qxe4 Nxe4 12. c4 Nd7 13. O-O Nef6 14.
Bf4 O-O 15. Rfe1 Rd8 16. Bc7 Re8 17. Bf4 Nf8 18. Rab1 Ng6 19. Bd6 Nd7 20. c5
f6 21. Nd2 Kf7 22. Nc4 e5 23. Bc7 Re7 24. Nd6+ Kg8 25. Nf5 Rf7 26. Nd6 Rf8
27. Nxc8 Raxc8 28. Rxb7 Nxc5 29. dxc5 Rf7 30. Rxa7 Rfxc7 31. Rxc7 Rxc7 32.
a4 Ne7 33. Ra1 Kf7 34. a5 Ke8 35. a6 Ra7 36. Kf2 Kd7 37. Ke2 Nd5 38. Rd1 Kc7
39. Bxd5 cxd5 40. Rxd5 Rxa6 41. Kd3 Ra4 42. Rd6 f5 43. Rd5 e4+ 44. Ke3 g6
45. Rd1 Ra8 46. Rd6 Ra3+ 47. Ke2 Rc3 48. Kd2 Rxc5 49. Rf6 Rd5+ 50. Ke3 Rd6
51. Rf7+ Rd7 52. Rf6 Kd8 53. Ra6 Ke7 54. h4 Kf7 55. Rb6 Rc7 56. Kd2 Rd7+ 57.
Ke3 Kg7 58. Ra6 Rc7 59. Kd2 Kh6 60. Ra2 Kh5 61. Ke2 Kg4 62. Kf2 Rc3 63. Ra7
Rxc2+ 64. Ke3 Rc3+ 65. Kf2 Rxg3 66. Rxh7 e3+ 67. Ke2 f4 68. Rf7 Rg2+ 69. Kf1
f3 70. h5 e2+ 71. Ke1 Rg1+ 72. Kd2 e1=Q+ {White resigns} 0-1

[Event "ICC tourney 1955 (60 10)"]
[Site "Internet Chess Club"]
[Date "2020.08.09"]
[Round "7"]
[White "xyzchessdude"]
[Black "chesslin"]
[Result "1-0"]
[ICCResult "Black resigns"]
[WhiteElo "2060"]
[BlackElo "1938"]
[Opening "King's Indian: fianchetto variation"]
[ECO "E62"]
[NIC "QP.11"]
[Time "12:02:52"]
[TimeControl "3600+10"]

1. Nf3 g6 2. c4 Bg7 3. d4 Nf6 4. g3 d6 5. Nc3 Nbd7 6. Bg2 Rb8 7. O-O b6 8.
b3 O-O 9. Bb2 Bb7 10. Qc2 Re8 11. Rad1 e5 12. e3 exd4 13. Nxd4 Bxg2 14. Kxg2
Qc8 15. Rfe1 Qb7+ 16. f3 Bh6 17. e4 Rbd8 18. Nd5 Bg7 19. Nb5 Rc8 20. Ndxc7
Rxc7 21. Nxd6 Qb8 22. Nxe8 Qxe8 23. Rd6 Qe7 24. Red1 Ne8 25. R6d2 b5 26.
Bxg7 Nxg7 27. Qb2 bxc4 28. bxc4 Ne6 29. Qb5 Nb6 30. Rc2 Rc5 31. Qa6 Qc7 32.
Rdc1 Nd4 33. Rd2 Nc6 34. Qa3 Rxc4 35. Rcd1 Qe5 36. Qd6 Qc3 37. Rd3 Qb2+ 38.
R3d2 Qb5 39. h4 h5 40. Qf6 Rd4 41. Rxd4 Qe2+ 42. Kh3 Nxd4 43. Qxd4 Qxf3 44.
Qd3 Qg4+ 45. Kg2 Nc4 46. Rf1 Ne5 47. Qe3 Qe6 48. Qxa7 Ng4 49. Qa8+ Kg7 50.
Rf3 Qc4 51. Qa3 Qe2+ 52. Kg1 Qh2+ 53. Kf1 Qh1+ 54. Ke2 Qg2+ 55. Kd1 Ne5 56.
Rc3 Qxe4 57. Qb2 Qd4+ 58. Kc1 Kh7 59. Qd2 Qg1+ 60. Kc2 Qa7 61. Qd5 Qf2+ 62.
Kb3 Qb6+ 63. Ka4 Qa6+ 64. Kb3 Qb6+ 65. Ka4 Qa6+ 66. Qa5 Qe6 67. a3 Nc6 68.
Qb5 Nd4 69. Qc4 Qd7+ 70. Ka5 Qf5+ 71. Kb4 Qb1+ 72. Kc5 Ne6+ 73. Kd6 Qb6+ 74.
Ke5 Qb8+ 75. Ke4 Qd6 76. Rd3 Nc5+ 77. Ke3 Qxg3+ 78. Kd2 Qxd3+ 79. Qxd3 Nxd3
80. Kxd3 g5 81. hxg5 Kg6 82. a4 h4 83. Ke3 Kf5 84. a5 h3 85. Kf2 h2 86. Kg2
{Black resigns}
1-0

[Event "ICC tourney 1955 (60 10)"]
[Site "Internet Chess Club"]
[Date "2020.08.09"]
[Round "7"]
[White "kingsac1234"]
[Black "Adhvaith0406"]
[Result "1-0"]
[ICCResult "Black forfeits on time"]
[WhiteElo "2165"]
[BlackElo "1996"]
[Opening "Sicilian: Najdorf"]
[ECO "B90"]
[NIC "SI.14"]
[Time "12:02:45"]
[TimeControl "3600+10"]

1. e4 c5 2. Nf3 d6 3. d4 cxd4 4. Nxd4 Nf6 5. Nc3 a6 6. Bd3 e5 7. Nb3 Be6 8.
O-O Be7 9. h3 O-O 10. f4 exf4 11. Bxf4 Nc6 12. Qf3 Ne5 13. Qf2 Qc7 14. Rad1
Rad8 15. Nd5 Nxd5 16. exd5 Nxd3 17. Rxd3 Bf5 18. Rd2 Bg6 19. c3 Bf6 20. Re1
Rfe8 21. Qg3 Rxe1+ 22. Qxe1 h6 23. Qe3 Rd7 24. Qg3 Rd8 25. Kh2 Kh7 26. Qe3
Rd7 27. Qg3 Rd8 28. Re2 Qc4 29. Qf3 Qb5 30. Nc1 Qd7 31. Bg3 Bg5 32. Nd3 Qb5
33. Nf2 Qd7 34. Ne4 Bxe4 35. Qxe4+ Kg8 36. b3 Bf6 37. Re3 b5 38. Qb4 Rc8 39.
Qxd6 Qxd6 40. Bxd6 Rd8 41. Be5 Rxd5 42. Bxf6 gxf6 43. c4 bxc4 44. bxc4 Ra5
45. a3 Kg7 46. Kg3 Rc5 47. Rc3 f5 48. Kf4 Kf6 49. Ke3 Ke5 50. g3 h5 51. h4
a5 52. a4 Rc6 53. Rc2 Rb6 54. Kd3 Rb4 55. Re2+ Kd6 56. Rf2 Rxa4 57. Rxf5
Ra3+ 58. Kd4 Rxg3 59. c5+ Kc6 60. Rf6+ Kc7 61. Rxf7+ Kc6 62. Rf6+ Kc7 63.
Kd5 Rd3+ 64. Kc4 Rg3 65. Kb5 Rc3 66. Rf7+ Kd8 67. Rh7 Rc1 68. Rxh5 a4 69.
Kxa4 Kc7 70. Kb5 Rb1+ 71. Kc4 Rc1+ 72. Kd5 Rd1+ 73. Ke4 Kc6 74. Rg5 Re1+ 75.
Kf3 Rh1 76. Kg4 Kd7 77. Rg6 Rc1 78. c6+ Ke7 79. Kg5 Kf7 80. h5 Kf8 81. Rf6+
Kg7 82. h6+ Kh7 83. Rd6 Rc5+ 84. Kf4 Rc1 85. Ke5 Re1+ 86. Kd5 Rc1 87. Ke6
Rg1 88. Kd7 Re1 89. c7 {Black forfeits on time} 1-0

[Event "ICC tourney 1955 (60 10)"]
[Site "Internet Chess Club"]
[Date "2020.08.09"]
[Round "8"]
[White "Willixm"]
[Black "Samuel-Colt"]
[Result "1-0"]
[ICCResult "Black resigns"]
[WhiteElo "1919"]
[BlackElo "1788"]
[Opening "French: Albin-Alekhine-Châtard attack, Breyer variation"]
[ECO "C13"]
[NIC "FR.06"]
[Time "15:19:51"]
[TimeControl "3600+10"]

1. e4 e6 2. d4 d5 3. Nc3 Nf6 4. Bg5 Be7 5. e5 Nfd7 6. h4 c5 7. Bxe7 Qxe7 8.
Nb5 Na6 9. Nd6+ Kf8 10. c3 Nc7 11. Nf3 h6 12. Bb5 Ne8 13. Bxd7 Nxd6 14. exd6
Qxd6 15. Bxc8 Rxc8 16. Ne5 cxd4 17. cxd4 {Black resigns} 1-0

[Event "ICC tourney 1955 (60 10)"]
[Site "Internet Chess Club"]
[Date "2020.08.09"]
[Round "8"]
[White "Goran21"]
[Black "sanjayselvam"]
[Result "1-0"]
[ICCResult "Black resigns"]
[WhiteElo "2106"]
[BlackElo "1925"]
[Opening "Alekhine's defense: exchange variation"]
[ECO "B02"]
[NIC "AL.08"]
[Time "15:20:23"]
[TimeControl "3600+10"]

1. e4 Nf6 2. e5 Nd5 3. c4 Nb6 4. d4 d6 5. exd6 cxd6 6. Nc3 g6 7. Bd3 Bg7 8.
Nge2 Nc6 9. Be3 Bg4 10. h3 Bd7 11. O-O O-O 12. b3 e5 13. d5 Ne7 14. Qd2 f5
15. f4 Kh8 16. fxe5 dxe5 17. Bg5 Qe8 18. Bc2 Ng8 19. c5 h6 20. Bh4 g5 21.
Bxg5 hxg5 22. cxb6 Bh6 23. Rae1 g4 24. Qd3 Nf6 25. Nd4 Qg6 26. Nxf5 e4 27.
Nh4 exd3 28. Nxg6+ Kg7 29. Nxf8 dxc2 30. Nxd7 Nxd7 31. Re7+ Kg8 32. Rxd7
c1=Q 33. Rxc1 Bxc1 34. hxg4 Be3+ 35. Kh2 Bxb6 36. Rxb7 Rc8 37. Ne4 Bc7+ 38.
d6 Bb6 39. Nf6+ Kf8 40. g5 Rc3 41. g6 {Black resigns} 1-0

[Event "ICC tourney 1955 (60 10)"]
[Site "Internet Chess Club"]
[Date "2020.08.09"]
[Round "8"]
[White "aadit1709"]
[Black "glmccoy"]
[Result "1-0"]
[ICCResult "Black checkmated"]
[WhiteElo "2029"]
[BlackElo "1838"]
[Opening "Old Benoni defense"]
[ECO "A43"]
[NIC "OI.09"]
[Time "15:20:57"]
[TimeControl "3600+10"]

1. d4 c5 2. dxc5 Na6 3. Nc3 Nxc5 4. e4 Nf6 5. e5 Nfe4 6. Nxe4 Nxe4 7. Qd4 d5
8. f3 Bd7 9. fxe4 Rc8 10. exd5 Rxc2 11. Bd2 Rc8 12. Nf3 e6 13. d6 f6 14. Bd3
Qb6 15. Qxb6 axb6 16. Bb4 fxe5 17. Nxe5 g6 18. Nxd7 Kxd7 19. Bb5+ Kd8 20.
O-O Bg7 21. Rf7 Bd4+ 22. Kh1 Rc2 23. Raf1 Rxb2 24. Rf8+ Rxf8 25. Rxf8#
{Black checkmated}
1-0

[Event "ICC tourney 1955 (60 10)"]
[Site "Internet Chess Club"]
[Date "2020.08.09"]
[Round "8"]
[White "VishyNo1"]
[Black "cprovince"]
[Result "1-0"]
[ICCResult "Black resigns"]
[WhiteElo "2097"]
[BlackElo "1891"]
[Opening "French: Rubinstein variation"]
[ECO "C10"]
[NIC "FR.07"]
[Time "15:20:32"]
[TimeControl "3600+10"]

1. e4 e6 2. d4 d5 3. Nc3 dxe4 4. Nxe4 Nf6 5. Nxf6+ Qxf6 6. Nf3 h6 7. Bd3 Bd6
8. Qe2 Nd7 9. O-O O-O 10. b3 b6 11. Qe4 g6 12. Qxa8 c5 13. Bxh6 Rd8 14. Bg5
Qh8 15. Bxd8 cxd4 16. Qxc8 Nf8 17. Bc7 Be7 18. Be5 Qh5 19. Rfe1 g5 20. h3 f6
21. Nxd4 fxe5 22. Nxe6 Qf7 23. Nxf8 Bxf8 24. Bc4 {Black resigns} 1-0

[Event "ICC tourney 1955 (60 10)"]
[Site "Internet Chess Club"]
[Date "2020.08.09"]
[Round "8"]
[White "Adhvaith0406"]
[Black "mikoyansuren"]
[Result "1/2-1/2"]
[ICCResult "Game drawn by mutual agreement"]
[WhiteElo "1996"]
[BlackElo "1823"]
[Opening "Sicilian: Anderssen variation"]
[ECO "B41"]
[NIC "SI.41"]
[Time "15:19:51"]
[TimeControl "3600+10"]

1. e4 c5 2. Nf3 e6 3. d4 cxd4 4. Nxd4 Nf6 5. Nc3 Nc6 6. Ndb5 Bc5 7. Nd6+ Ke7
8. Nxc8+ Rxc8 9. Bd3 d5 10. exd5 Nxd5 11. Nxd5+ Qxd5 12. O-O h5 13. Be3 Bxe3
14. fxe3 h4 15. Qf3 Qxf3 16. Rxf3 Nb4 17. Rf2 Nxd3 18. cxd3 Rc6 19. Re2 Rhc8
20. Kf2 Rc2 {Game drawn by mutual agreement} 1/2-1/2

[Event "ICC tourney 1955 (60 10)"]
[Site "Internet Chess Club"]
[Date "2020.08.09"]
[Round "8"]
[White "askarkztx"]
[Black "caracal"]
[Result "1/2-1/2"]
[ICCResult "Game drawn by mutual agreement"]
[WhiteElo "2083"]
[BlackElo "1981"]
[Opening "English: Neo-Catalan declined"]
[ECO "A14"]
[NIC "RE.11"]
[Time "15:20:50"]
[TimeControl "3600+10"]

1. c4 e6 2. g3 d5 3. Bg2 Nf6 4. Nf3 Be7 5. O-O O-O 6. d3 b6 7. Nc3 Bb7 8.
cxd5 Nxd5 9. Ne4 Nd7 10. a3 N7f6 11. Nfd2 Nxe4 12. Nxe4 Rb8 13. Qc2 Nf6 14.
Nxf6+ Bxf6 15. Bf4 e5 16. Bd2 {Game drawn by mutual agreement} 1/2-1/2

[Event "ICC tourney 1955 (60 10)"]
[Site "Internet Chess Club"]
[Date "2020.08.09"]
[Round "8"]
[White "combusken1123"]
[Black "adelie"]
[Result "1/2-1/2"]
[ICCResult "Game drawn by mutual agreement"]
[WhiteElo "1707"]
[BlackElo "1914"]
[Opening "Pirc defense"]
[ECO "B07"]
[NIC "PU.08"]
[Time "15:20:17"]
[TimeControl "3600+10"]

1. e4 d6 2. d4 Nf6 3. Bd3 e5 4. c3 d5 5. Bg5 Be7 6. dxe5 Nxe4 7. Bxe4 dxe4
8. Qxd8+ Bxd8 9. Bxd8 Kxd8 10. Nd2 Nc6 11. Nxe4 Nxe5 12. O-O-O+ Ke7 13. Ne2
Bf5 14. N2g3 Be6 15. Kb1 b6 16. Rhe1 Rad8 17. Ng5 Rxd1+ 18. Rxd1 f6 19. Nxe6
Kxe6 20. Re1 Kf7 21. Kc2 Rd8 22. f4 Nc4 23. Re2 {Game drawn by mutual
agreement} 1/2-1/2

[Event "ICC tourney 1955 (60 10)"]
[Site "Internet Chess Club"]
[Date "2020.08.09"]
[Round "8"]
[White "sushivishwa"]
[Black "amp1997"]
[Result "0-1"]
[ICCResult "White checkmated"]
[WhiteElo "1822"]
[BlackElo "2100"]
[Opening "Pirc defense"]
[ECO "B07"]
[NIC "PU.08"]
[Time "15:20:58"]
[TimeControl "3600+10"]

1. e4 d6 2. d4 Nf6 3. f3 g6 4. Be3 c6 5. c4 Nbd7 6. Nc3 a6 7. Qd2 h5 8. Nh3
b5 9. Nf2 Bg7 10. g4 hxg4 11. fxg4 bxc4 12. g5 Nh5 13. Bxc4 Qc7 14. Rf1 O-O
15. Be2 Nb6 16. Bxh5 Nc4 17. Qe2 Nxe3 18. Qxe3 gxh5 19. O-O-O Rb8 20. Qe2
Qb6 21. Qd2 Bxd4 22. Nd3 Be3 23. Qxe3 Qxe3+ 24. Rd2 Be6 25. Re1 Qxg5 26. Kc2
Kh8 27. Ree2 Rg8 28. Rg2 Qxg2 29. Rxg2 Rxg2+ 30. Ne2 Rxe2+ 31. Kc3 Re3 32.
e5 Bf5 33. h4 Rxd3+ 34. Kc4 Rb5 35. exd6 exd6 36. b4 d5# {White checkmated}
0-1

[Event "ICC tourney 1955 (60 10)"]
[Site "Internet Chess Club"]
[Date "2020.08.09"]
[Round "8"]
[White "MATEPROOF"]
[Black "Elieman"]
[Result "1-0"]
[ICCResult "Black resigns"]
[WhiteElo "2179"]
[BlackElo "1986"]
[Opening "Queen's pawn game, Darooha variation "]
[ECO "D02"]
[NIC "QP.09"]
[Time "15:20:17"]
[TimeControl "3600+10"]

1. Nf3 d5 2. d4 Nf6 3. c4 e6 4. cxd5 exd5 5. Nc3 Bb4 6. Bg5 O-O 7. e3 h6 8.
Bh4 c5 9. dxc5 g5 10. Bg3 Ne4 11. Rc1 Qa5 12. Qb3 Be6 13. Nd4 Nd7 14. c6
Ndc5 15. Qc2 Na4 16. Bd3 Naxc3 17. bxc3 Bxc3+ 18. Ke2 Nxg3+ 19. hxg3 Bxd4
20. exd4 Kg7 21. cxb7 Rab8 22. Qc7 Rfe8 23. Qxa5 {Black resigns} 1-0

[Event "ICC tourney 1955 (60 10)"]
[Site "Internet Chess Club"]
[Date "2020.08.09"]
[Round "8"]
[White "Kausy"]
[Black "closedforce"]
[Result "1-0"]
[ICCResult "Black resigns"]
[WhiteElo "1747"]
[BlackElo "1888"]
[Opening "French: advance variation"]
[ECO "C02"]
[NIC "FR.03"]
[Time "15:20:09"]
[TimeControl "3600+10"]

1. e4 e6 2. d4 d5 3. e5 c5 4. c3 Qb6 5. Nf3 Nc6 6. a3 c4 7. Be2 Na5 8. O-O
Nb3 9. Ra2 Bd7 10. Nbd2 Ba4 11. Qe1 O-O-O 12. Nxb3 Bxb3 13. Ra1 Ne7 14. Ng5
Rd7 15. Nxf7 Rg8 16. Nd6+ Kc7 17. Bg4 Ng6 18. Bxe6 Bxd6 19. exd6+ Qxd6 20.
Bxg8 Re7 21. Be3 {Black resigns} 1-0

[Event "ICC tourney 1955 (60 10)"]
[Site "Internet Chess Club"]
[Date "2020.08.09"]
[Round "8"]
[White "slolla"]
[Black "Kiwiinoz"]
[Result "1-0"]
[ICCResult "Black resigns"]
[WhiteElo "1872"]
[BlackElo "2038"]
[Opening "QGD: Tarrasch defense"]
[ECO "D32"]
[NIC "TD.06"]
[Time "15:20:22"]
[TimeControl "3600+10"]

1. d4 d5 2. c4 e6 3. Nc3 c5 4. e3 Nf6 5. Nf3 Nc6 6. cxd5 exd5 7. Be2 Bd6 8.
O-O O-O 9. dxc5 Bxc5 10. Nb5 Bf5 11. Nbd4 Be4 12. b3 Nxd4 13. Nxd4 Rc8 14.
Bb2 Re8 15. Rc1 Nd7 16. Qd2 Ne5 17. f3 Bg6 18. f4 f6 19. fxe5 Rxe5 20. b4
Bb6 21. Rxc8 Qxc8 22. a4 Qe8 23. a5 Bd8 24. Nc2 Bxc2 25. Bxe5 {Black
resigns} 1-0

[Event "ICC tourney 1955 (60 10)"]
[Site "Internet Chess Club"]
[Date "2020.08.09"]
[Round "8"]
[White "Natey"]
[Black "pangpangba"]
[Result "0-1"]
[ICCResult "White checkmated"]
[WhiteElo "1635"]
[BlackElo "1552"]
[Opening "Sicilian"]
[ECO "B56"]
[NIC "SI.25"]
[Time "15:21:38"]
[TimeControl "3600+10"]

1. e4 c5 2. Nf3 d6 3. d4 cxd4 4. Nxd4 Nf6 5. Nc3 Nc6 6. f3 e5 7. Nb3 Be7 8.
Be3 Be6 9. Qd2 d5 10. exd5 Nxd5 11. Nxd5 Qxd5 12. Qxd5 Bxd5 13. O-O-O Rd8
14. Bb5 a6 15. Be2 f6 16. Bb6 Rd7 17. Rd2 Bxb3 18. Rxd7 Kxd7 19. Rd1+ Kc8
20. axb3 Bd8 21. Bc5 Bc7 22. Bd3 g6 23. h4 Rd8 24. h5 e4 25. fxe4 Bf4+ 26.
Kb1 gxh5 27. Rh1 Ne5 28. Be7 Rd7 29. Bxf6 Nxd3 30. cxd3 Rxd3 31. Rxh5 Rxb3
32. Rxh7 Re3 33. Re7 Bd6 34. Re6 Kd7 35. Rxd6+ Kxd6 36. e5+ Ke6 37. g4 Rg3
38. g5 b5 39. Ka2 a5 40. Kb1 a4 41. Kc2 b4 42. Kb1 Rg2 43. Ka2 a3 44. Kb1
Rxb2+ 45. Ka1 b3 46. g6 Rd2 47. Bg5 Rd1+ 48. Bc1 Rxc1# {White checkmated}
0-1

[Event "ICC tourney 1955 (60 10)"]
[Site "Internet Chess Club"]
[Date "2020.08.09"]
[Round "8"]
[White "rabbitAAAA"]
[Black "LoopyLoop"]
[Result "1/2-1/2"]
[ICCResult "Game drawn by mutual agreement"]
[WhiteElo "1794"]
[BlackElo "1638"]
[Opening "Queen's bishop game"]
[ECO "D02"]
[NIC "QP.06"]
[Time "15:20:35"]
[TimeControl "3600+10"]

1. d4 Nf6 2. Nf3 d5 3. Bf4 c5 4. e3 Nc6 5. c3 Qb6 6. Qb3 c4 7. Qc2 Bf5 8.
Qc1 h6 9. Be2 e6 10. h3 Be7 11. Nbd2 Qd8 12. b3 b5 13. O-O O-O 14. a4 a6 15.
Qb2 Qd7 16. Ra2 Ra7 17. Rfa1 Rfa8 18. Ne5 Nxe5 19. Bxe5 Ne4 20. Nxe4 Bxe4
21. Bf4 Bd8 22. Ra3 Be7 23. R3a2 Bd8 24. Bd1 Bb6 25. Bc2 Bxc2 26. Qxc2 Bc7
27. Bxc7 Qxc7 28. Ra3 cxb3 {Game drawn by mutual agreement} 1/2-1/2

[Event "ICC tourney 1955 (60 10)"]
[Site "Internet Chess Club"]
[Date "2020.08.09"]
[Round "8"]
[White "chesslead"]
[Black "sgangavarapu"]
[Result "1/2-1/2"]
[ICCResult "Game drawn by mutual agreement"]
[WhiteElo "1986"]
[BlackElo "1836"]
[Opening "Sicilian: Najdorf, 6.Bg5"]
[ECO "B94"]
[NIC "SI.04"]
[Time "15:19:47"]
[TimeControl "3600+10"]

1. e4 c5 2. Nf3 d6 3. d4 cxd4 4. Nxd4 Nf6 5. Nc3 a6 6. Bg5 Nbd7 7. f4 h6 8.
Bh4 Qc7 9. Qf3 g5 10. fxg5 hxg5 11. Bxg5 Qc5 12. Be3 Ne5 13. Qe2 Neg4 14.
Bg1 Bh6 15. g3 Ne5 16. Nb3 Qc7 17. Bg2 Bg4 18. Qf1 Rc8 19. Bd4 Bg5 20. a3
Be6 21. Nd2 Nfg4 22. Qg1 Qa5 23. h3 Bxd2+ 24. Kxd2 Nc4+ 25. Ke2 Nge5 26. b4
Qc7 27. Qe1 Nb2 28. Qd2 Qc4+ 29. Kf2 Nbd3+ 30. Ke3 Rg8 31. g4 Rxg4 32. Bxe5
dxe5 33. Qxd3 Rg3+ 34. Bf3 Qxc3 35. Rag1 f5 36. Rxg3 f4+ 37. Kf2 Qxc2+ 38.
Qe2 fxg3+ 39. Kxg3 Qb3 40. Kh4 Rc3 41. Bh5+ Bf7 42. Qg4 Bxh5 43. Qxh5+ Qf7
44. Qh8+ Qf8 45. Qxf8+ Kxf8 46. Rf1+ Kg7 47. Rg1+ Kf6 48. Rf1+ Kg7 49. Kg5
e6 50. h4 Rg3+ 51. Kh5 Rxa3 52. Rg1+ Kf6 53. Rf1+
{Game drawn by mutual agreement}
1/2-1/2

[Event "ICC tourney 1955 (60 10)"]
[Site "Internet Chess Club"]
[Date "2020.08.09"]
[Round "8"]
[White "chesslin"]
[Black "corviknight"]
[Result "1-0"]
[ICCResult "Black checkmated"]
[WhiteElo "1953"]
[BlackElo "1761"]
[Opening "Queen's pawn, Mason variation"]
[ECO "D00"]
[NIC "QP.08"]
[Time "15:20:38"]
[TimeControl "3600+10"]

1. d4 d5 2. Bf4 Nf6 3. e3 e6 4. Bd3 Bd6 5. Bg3 c5 6. c3 O-O 7. Nf3 Qc7 8.
Bxd6 Qxd6 9. Ne5 Nfd7 10. f4 f6 11. Qh5 f5 12. g4 Nf6 13. Qh4 Ne4 14. Nd2
Nd7 15. Ndf3 Nxe5 16. Nxe5 c4 17. Bxe4 fxe4 18. Rg1 Qd8 19. g5 b5 20. a3 a5
21. Rg3 g6 22. Rh3 Qe7 23. Nxg6 Qg7 24. Nxf8 Kxf8 25. Qxh7 Qxh7 26. Rxh7 Kg8
27. Rc7 e5 28. dxe5 Be6 29. h4 Bg4 30. Kf2 Rb8 31. Kg3 Bf5 32. h5 b4 33.
axb4 axb4 34. Raa7 bxc3 35. bxc3 Rd8 36. Rg7+ Kh8 37. Rgf7 d4 38. exd4 e3
39. Rxf5 e2 40. Kf2 Rb8 41. h6 e1=Q+ 42. Kxe1 Rb1+ 43. Kd2 Rb2+ 44. Ke3 Rb8
45. g6 Kg8 46. h7+ Kh8 47. Rh5 Rg8 48. g7+ Rxg7 49. Ra8+ Rg8 50. Rxg8#
{Black checkmated}
1-0

[Event "ICC tourney 1955 (60 10)"]
[Site "Internet Chess Club"]
[Date "2020.08.09"]
[Round "8"]
[White "ikeepchecking"]
[Black "VeronicaG"]
[Result "1-0"]
[ICCResult "Black checkmated"]
[WhiteElo "2073"]
[BlackElo "1818"]
[Opening "Caro-Kann: Panov-Botvinnik attack"]
[ECO "B13"]
[NIC "CK.03"]
[Time "15:20:39"]
[TimeControl "3600+10"]

1. e4 c6 2. d4 d5 3. exd5 cxd5 4. c4 Nf6 5. Nc3 Nc6 6. Nf3 Bg4 7. cxd5 Nxd5
8. Qb3 Bxf3 9. gxf3 Nb6 10. Be3 Nxd4 11. Bxd4 Qxd4 12. Bb5+ Nd7 13. O-O Rd8
14. Rfd1 Qb6 15. Rxd7 Rxd7 16. Rd1 Qg6+ 17. Kh1 e6 18. Bxd7+ Ke7 19. Qb4+
Kf6 20. Qh4+ Kf5 21. Qe4+ Kf6 22. Qh4+ Kf5 23. Rd5# {Black checkmated} 1-0

[Event "ICC tourney 1955 (60 10)"]
[Site "Internet Chess Club"]
[Date "2020.08.09"]
[Round "8"]
[White "hunqapillar"]
[Black "Eric1127"]
[Result "0-1"]
[ICCResult "White resigns"]
[WhiteElo "1762"]
[BlackElo "1657"]
[Opening "Neo-Grünfeld, 6.O-O"]
[ECO "D77"]
[NIC "GI.02"]
[Time "15:20:58"]
[TimeControl "3600+10"]

1. c4 Nf6 2. g3 g6 3. Bg2 d5 4. Nf3 Bg7 5. O-O O-O 6. d4 dxc4 7. Ne5 c5 8.
dxc5 Qc7 9. Nxc4 Qxc5 10. Ne3 Nc6 11. Nc3 Be6 12. Qa4 a6 13. Ne4 Nxe4 14.
Qxe4 Nd4 15. b4 Qxb4 16. Rb1 Nxe2+ 17. Kh1 Qxe4 18. Bxe4 Nc3 {White resigns}
0-1

[Event "ICC tourney 1955 (60 10)"]
[Site "Internet Chess Club"]
[Date "2020.08.09"]
[Round "8"]
[White "smilingfloor"]
[Black "Blue-Elephant1"]
[Result "0-1"]
[ICCResult "White resigns"]
[WhiteElo "1933"]
[BlackElo "2104"]
[Opening "Sicilian: Kan, 5.Nc3"]
[ECO "B43"]
[NIC "SI.41"]
[Time "15:20:23"]
[TimeControl "3600+10"]

1. e4 c5 2. Nf3 e6 3. d4 cxd4 4. Nxd4 a6 5. Nc3 Qc7 6. a3 Nf6 7. Be3 b5 8.
Bd3 Bb7 9. O-O Be7 10. h3 O-O 11. Qd2 d6 12. f4 Nbd7 13. f5 e5 14. Nf3 d5
15. exd5 Bxd5 16. Nxd5 Nxd5 17. Bg5 Bxg5 18. Nxg5 N7f6 19. Ne4 Rfd8 20.
Nxf6+ Nxf6 21. Qe3 e4 22. Be2 Qxc2 23. b4 Nd5 24. Qf2 Nc3 25. Bg4 Rd2 26.
Qg3 e3 27. Rfe1 Ne4 28. Qh2 Rad8 29. Bf3 R2d4 30. Bxe4 Qxe4 31. Qg3 e2 32.
Qf2 Rd1 33. Qb6 Qd4+ 34. Qxd4 R8xd4 {White resigns} 0-1

[Event "ICC tourney 1955 (60 10)"]
[Site "Internet Chess Club"]
[Date "2020.08.09"]
[Round "8"]
[White "salamenceg"]
[Black "aauman"]
[Result "0-1"]
[ICCResult "White checkmated"]
[WhiteElo "1063"]
[BlackElo "1588"]
[Opening "Caro-Kann: advance variation"]
[ECO "B12"]
[NIC "CK.02"]
[Time "15:20:10"]
[TimeControl "3600+10"]

1. e4 c6 2. d4 d5 3. e5 c5 4. Bb5+ Bd7 5. Bxd7+ Qxd7 6. dxc5 e6 7. Be3 Qc7
8. Nd2 Bxc5 9. Bxc5 Qxc5 10. Nb3 Qc7 11. Nf3 Ne7 12. O-O Nbc6 13. Re1 Ng6
14. Qe2 O-O 15. Rad1 a5 16. Nbd4 Qb6 17. Nxc6 bxc6 18. b3 a4 19. Ng5 h6 20.
Qh5 hxg5 21. Re3 Qxe3 22. fxe3 Nxe5 23. Qxg5 f6 24. Qh5 axb3 25. axb3 Ra2
26. Qe2 Rb8 27. Rc1 Rxb3 28. Qe1 Rb5 29. Qc3 Ra4 30. Ra1 Rc4 31. Ra8+ Kh7
32. Qe1 Rb2 33. Qg3 Rb1+ 34. Kf2 Rxc2# {White checkmated} 0-1